2323 views
Uploaded 2021-08-17 09:05:51
Game version 1.32.10
9:49 long 1on1 ladder game on (2)TerenasStand_LV
Saved by aom
2323 views
Uploaded 2021-08-17 09:05:51
Game version 1.32.10
9:49 long 1on1 ladder game on (2)TerenasStand_LV

12 units @ 2k
/ 0.2k
10 buildings @ 1.6k
/ 0.6k


| Rod of Necromancy | 2 | 300 |
| Scroll of Healing | 1 | 250 |
| Scroll of Protection | 1 | 150 |
| total: | 4 | 700g |
| Acolyte | 2 | 150 | / | 0 |
| Ghoul | 5 | 600 | / | 0 |
| Crypt Fiend | 3 | 645 | / | 120 |
| Goblin Shredder | 1 | 375 | / | 100 |
| Forest Troll Shadow Priest | 1 | 195 | / | 10 |
| total: | 12 | 1965g | / | 230w |
| Altar of Darkness | 1 | 180 | / | 50 |
| Ziggurat | 4 | 600 | / | 200 |
| Tomb of Relics | 1 | 130 | / | 30 |
| Crypt | 1 | 200 | / | 50 |
| Graveyard | 1 | 215 | / | 0 |
| Slaughterhouse | 2 | 280 | / | 270 |
| Halls of the Dead | 1 | 320 | / | 210 |
| Black Citadel | 2 | 650 | / | 460 |
| total: | 10 | 1605g | / | 600w |
| 0:03 | Altar of Darkness |
| 0:05 | Ziggurat |
| 0:07 | Acolyte |
| 0:08 | Acolyte |
| 0:29 | Tomb of Relics |
| 0:49 | Crypt |
| 1:33 | Graveyard |
| 1:51 | Ghoul |
| 1:52 | Ghoul |
| 1:52 | Ghoul |
| 2:07 | Death Coil |
| 2:17 | Rod of Necromancy |
| 2:37 | Ghoul |
| 2:43 | Halls of the Dead |
| 3:03 | Ziggurat |
| 3:08 | Ghoul |
| 3:27 | Cannibalize |
| 3:55 | Ziggurat |
| 4:01 | Unholy Aura |
| 4:33 | Forest Troll Shadow Priest |
| 5:10 | Black Citadel |
| 5:20 | Goblin Shredder |
| 5:31 | Death Coil |
| 6:06 | Rod of Necromancy |
| 6:13 | Carrion Beetles |
| 7:08 | Crypt Fiend |
| 7:10 | Black Citadel |
| 7:44 | Scroll of Protection |
| 7:45 | Scroll of Healing |
| 8:10 | Impale |
| 8:36 | Slaughterhouse |
| 8:37 | Slaughterhouse |
| 8:38 | Ziggurat |
| 8:40 | Crypt Fiend |
| 8:43 | Unholy Aura |
| 9:26 | Crypt Fiend |
| 9:28 | Burrow |
| Select group | 554 |
| Select | 316 |
| Right click | 278 |
| Misc. action | 72 |
| Build/train/purchase | 64 |
| Assign group | 20 |
| Use ability | 13 |
| Chat | 3 |
| Item give/drop | 2 |
| Remove unit | 2 |
| Minimap ping | 2 |
19 units @ 1.9k
/ 0.1k
10 buildings @ 1.8k
/ 0.7k

| Boots of Speed | 1 | 250 |
| total: | 1 | 250g |
| Wisp | 8 | 480 | / | 0 |
| Archer | 11 | 1430 | / | 110 |
| total: | 19 | 1910g | / | 110w |
| Ancient Protector | 1 | 135 | / | 80 |
| Altar of Elders | 1 | 180 | / | 50 |
| Ancient of War | 1 | 150 | / | 60 |
| Moon Well | 4 | 720 | / | 160 |
| Hunter's Hall | 1 | 210 | / | 100 |
| Ancient of Wonders | 1 | 90 | / | 30 |
| Tree of Life | 1 | 340 | / | 185 |
| Tree of Ages | 1 | 320 | / | 180 |
| total: | 10 | 1825g | / | 665w |
| 0:03 | Wisp |
| 0:03 | Wisp |
| 0:07 | Altar of Elders |
| 0:19 | Ancient of War |
| 0:25 | Moon Well |
| 0:31 | Wisp |
| 0:39 | Wisp |
| 1:26 | Wisp |
| 1:31 | Archer |
| 1:39 | Archer |
| 1:43 | Wisp |
| 1:47 | Wisp |
| 2:02 | Moon Well |
| 2:16 | Force of Nature |
| 3:16 | Hunter's Hall |
| 3:18 | Wisp |
| 3:28 | Entangling Roots |
| 3:36 | Ancient of Wonders |
| 3:49 | Archer |
| 3:49 | Archer |
| 4:39 | Moon Well |
| 5:12 | Boots of Speed |
| 5:24 | Tree of Ages |
| 5:33 | Moon Well |
| 5:44 | Archer |
| 5:44 | Archer |
| 5:45 | Archer |
| 6:10 | Force of Nature |
| 6:38 | Tree of Life |
| 7:43 | Ancient Protector |
| 8:32 | Archer |
| 8:33 | Archer |
| 8:33 | Archer |
| 8:34 | Archer |
| 9:34 | Entangling Roots |
| Right click | 368 |
| Select | 143 |
| Build/train/purchase | 27 |
| Use ability | 20 |
| Item give/drop | 4 |
| Chat | 4 |
| Remove unit | 1 |